 Dungeon Crawl Stone Soup version 0.30-a0-778-g2ef04afb54 (webtiles) character file.

Game seed: 11703036133645307573

78 Smoke131 the Chucker (level 4, 0/45 HPs)
             Began as an Ogre Gladiator on Feb 15, 2023.
             Slain by a hobgoblin (1 damage)
             ... led by Robin
             ... on level 3 of the Dungeon.
             The game lasted 00:04:09 (1616 turns).

Smoke131 the Chucker (Ogre Gladiator)               Turns: 1616, Time: 00:04:10

Health: 0/45       AC:  3    Str: 18    XL:     4   Next: 36%
Magic:  4/4        EV: 10    Int:  9    God:
Gold:   120        SH:  0    Dex: 12    Spells: 3/3 levels left

rFire   . . .      SeeInvis .    a - +0 war axe
rCold   . . .      Faith    .    (no shield)
rNeg    . . .      Spirit   .    b - +0 robe
rPois   .          Reflect  .    c - +0 hat
rElec   .          Harm     .    (no cloak)
rCorr   .          Rampage  .    (gloves unavailable)
Will    .....                    (boots unavailable)
Stlth   +                        (no amulet)
HPRegen 0.27/turn                (no ring)
MPRegen 0.09/turn                (no ring)

@: no status effects
A: large, unfitting armour, tough skin 1
a: no special abilities


You were on level 3 of the Dungeon.
You visited 1 branch of the dungeon, and saw 3 of its levels.

You collected 120 gold pieces.

Inventory:

Hand Weapons
 a - a +0 war axe (weapon)
Missiles
 d - 3 throwing nets
 e - a large rock (quivered)
 f - 19 stones
 q - 3 poisoned darts
Armour
 b - a +0 robe (worn)
 c - a +0 hat (worn)
Jewellery
 i - a ring of wizardry
 l - a ring of protection from fire
Scrolls
 g - a scroll of fear {unknown}
 h - a scroll of noise {unknown}
 j - a scroll of enchant weapon {unknown}
 k - 3 scrolls of poison {unknown}
Potions
 m - a potion of resistance
 n - a potion of lignification
 o - a potion of flight
 p - 2 potions of cancellation
 r - 2 potions of curing {unknown}


   Skills:
 - Level 3.0 Fighting
 - Level 3.0 Axes
 + Level 4.1 Throwing
 - Level 3.0 Dodging


You had 3 spell levels left.
You didn't know any spells.
Your spell library was empty.

Dungeon Overview and Level Annotations

Branches:
Dungeon (3/15)

Altars:

Shops:
D:1 (?

Annotations:
D:3 Robin


Innate Abilities, Weirdness & Mutations

You are too large for most types of armour.
You have tough skin. (AC +1)


Message History

The goblin hits you but does no damage. Robin throws the goblin at you!
Things that are here:
a +0 club; a +0 sling You slash the goblin!
You kill the goblin!
You completely miss the kobold. You closely miss the hobgoblin.
You slash the goblin!
You kill the goblin!
You closely miss the goblin.
The hobgoblin hits you but does no damage.
The kobold hits you with a +0 short sword.
The goblin hits you with a +0 dagger. The goblin hits you with a +0 dagger.
You see here a +0 club.
Robin throws the goblin at you! The hobgoblin attacks as you move away!
The hobgoblin hits you.
* * * LOW HITPOINT WARNING * * *
The goblin closely misses you. Robin throws the goblin at you!
You closely miss the goblin. You hit the goblin.
You closely miss the hobgoblin. The hobgoblin misses you.
The goblin barely misses you. x2
You hit the goblin.
The goblin is severely wounded.
You barely miss the orc. You closely miss the hobgoblin.
You barely miss the goblin. The hobgoblin hits you.
* * * LOW HITPOINT WARNING * * *
The goblin closely misses you. The orc hits you with a +0 mace.
* * * LOW HITPOINT WARNING * * *
The goblin hits you with a +0 dagger.
* * * LOW HITPOINT WARNING * * *
The goblin hits you but does no damage. The goblin hits you with a +0 club.
* * * LOW HITPOINT WARNING * * *
The goblin hits you but does no damage. The hobgoblin barely misses you.
You closely miss the goblin.
The goblin is severely wounded.
You miss the orc wizard. You barely miss the hobgoblin.
You closely miss the goblin. You hit the goblin.
You kill the goblin!
The hobgoblin hits you.
You die...

.. .< #..####....# #
..##...........
..............
...#......... #.........
# #...... ....#.)Kg###
.......gooo#######..#
......g)##g@g......#
..#...g.#gg)#.######
#...##..###.###
........# #...##
.#...#..## ###..#######
.....##..#######.#.....#
.#..# #........#.#.....#
... ##.######.........#
.... ......#####......#


You could see an orc wizard, 2 orcs, 2 hobgoblins, 4 goblins and a kobold.

Vanquished Creatures
  3 adders
  A dart slug (D:3)
  3 ball pythons
  6 bats
  4 endoplasms
  9 goblins
  4 hobgoblins
  3 jackals (D:2)
  2 quokkas (D:2)
  4 frilled lizards
  3 kobolds
  4 rats
46 creatures vanquished.

Notes
Turn   | Place    | Note
-------+----------+-------------------------------------------
     0 | D:1      | Smoke131 the Ogre Gladiator began the quest for the Orb.
     0 | D:1      | Reached XP level 1. HP: 22/22 MP: 1/1
   246 | D:1      | Found Redus's Magic Scroll Shoppe.
   282 | D:1      | Reached XP level 2. HP: 31/31 MP: 2/2
   407 | D:1      | Found Futtiy's Weapon Boutique.
   893 | D:2      | Reached skill level 3 in Throwing
   893 | D:2      | Reached XP level 3. HP: 31/37 MP: 3/3
  1409 | D:3      | Reached XP level 4. HP: 45/45 MP: 4/4
  1441 | D:3      | Found a faded altar of an unknown god.
  1486 | D:3      | Reached skill level 4 in Throwing
  1604 | D:3      | Noticed Robin
  1615 | D:3      | HP: 1/45 [goblin/+0 club[Robin] (2)]
  1616 | D:3      | Slain by a hobgoblin

Illustrated notes

Levels and vault maps discovered:
D:1:      lemuel_arrival_hallway, layout_basic, serial_shops,
          nicolae_square_shop, shop_fountains
D:2:      layout_loops_cross
D:3:      layout_rooms, hellmonk_ecumenical_altar_heavens_door,
          minmay_close_crescents, uniq_robin

Skill      XL: |  1  2  3  4 |
---------------+-------------+-----
Fighting       | 3 |  3.0
Dodging        | 3 |  3.0
Throwing       | 3 4 |  4.1
Axes           | |  3.0

Action                     |  1- 3 |  4- 6 || total
---------------------------+-------+-------++-------
  Melee: War axe           |    96 |    23 ||   119
         Punch             |     1 |       ||     1
  Throw: Large rock        |     2 |       ||     2
    Use: Scroll            |     4 |       ||     4
         Potion            |     1 |       ||     1
   Stab: Sleeping          |     1 |       ||     1
 Armour: Robe              |    31 |    13 ||    44
  Dodge: Dodged            |    84 |    25 ||   109

Table legend: (Time is in decaauts)
 A = Elapsed time spent in this place.
 B = Non-inter-level travel time spent in this place.
 C = Inter-level travel time spent in this place.
 D = Time resting spent in this place.
 E = Time spent auto-exploring this place.
 F = Levels seen in this place.
 G = Mean time per level.
                   A        B        C        D        E       F      G
               +--------+--------+--------+--------+--------+-----+--------+
         Total |   1658 |   1658 |      0 |     61 |   1121 |   3 |  552.7 |
       Dungeon |   1658 |   1658 |      0 |     61 |   1121 |   3 |  552.7 |
               +--------+--------+--------+--------+--------+-----+--------+

Top non-repeatable levels by time:
     D:2: 717 daAuts
     D:1: 672 daAuts
     D:3: 268 daAuts
